 Dungeon Crawl Stone Soup version 0.32-a0-995-gb4a59205af (webtiles) character file.

Game seed: 16271411419642280647

5005 Bediveer the Skirmisher (level 10, -3/66 HPs)
             Began as an Octopode Hunter on Apr 22, 2024.
             Was an Initiate of Gozag.
             Killed from afar by a steam dragon (21 damage)
             ... with a ball of steam
             ... on level 8 of the Dungeon.
             The game lasted 00:12:02 (7764 turns).

Bediveer the Skirmisher (Octopode Hunter)           Turns: 7764, Time: 00:12:03

Health: -3/66      AC:  1    Str: 15    XL:     10   Next: 54%
Magic:  10/10      EV: 16    Int: 18    God:    Gozag
Gold:   210        SH:  5    Dex: 25    Spells: 6/9 levels left

rFire   . . .        s - +3 arbalest (drain)
rCold   + + .        (shield currently unavailable)
rNeg    . . .        (helmet restricted)
rPois   +            d - amulet of reflection
rElec   .            c - ring "Sitelop" {Fly rC+ Str+4 Dex+6}
rCorr   +            b - ring of see invisible
SInv    +            l - ring of resist corrosion
Will    .....        k - ring of protection from cold
Stlth   +++++        o - ring of Fragile Peace {rPois rCorr Int+6}
HPRegen 0.31/turn    (no ring)
MPRegen 0.12/turn    (no ring)
                     (no ring)

%: reflection
@: gold aura, flying, hasted, very quick
A: almost no armour, amphibious, 8 rings, camouflage 1, gelatinous body 1,
(nimble swimmer 1), tentacles
a: Renounce Religion, Potion Petition, Call Merchant, Bribe Branch


You were on level 8 of the Dungeon.
You worshipped Gozag.
Gozag was aware of your devotion.
You visited 2 branches of the dungeon, and saw 9 of its levels.

You collected 1089 gold pieces.
You spent 376 gold pieces at shops.
You paid 503 gold pieces to Gozag.

Inventory:

Hand Weapons
 a - a +0 shortbow
 s - a +3 arbalest of draining (weapon)
Jewellery
 b - a ring of see invisible (right tentacle)
 c - the ring "Sitelop" (left tentacle) {Fly rC+ Str+4 Dex+6}
   (You found it on level 2 of the Dungeon)

   [ring of dexterity]

   Str+4:     It affects your strength (+4).
   Dex+6:     It affects your dexterity (+6).
   rC+:       It protects you from cold.
   Fly:       It grants you flight.
 d - an amulet of reflection (around mantle)
 f - an amulet of faith
 j - an amulet of guardian spirit
 k - a ring of protection from cold (on tentacle)
 l - a ring of resist corrosion (on tentacle)
 o - the ring of Fragile Peace (on tentacle) {rPois rCorr Int+6}
   (You found it on level 6 of the Dungeon)

   [ring of intelligence]

   Int+6:     It affects your intelligence (+6).
   rPois:     It protects you from poison.
   rCorr:     It protects you from acid and corrosion.
Wands
 e - a wand of polymorph (9)
 m - a wand of paralysis (21)
Scrolls
 g - a scroll of fear
 i - 2 scrolls of noise
 p - a scroll of amnesia
 r - a scroll of vulnerability
 t - 2 scrolls of identify
 v - a scroll of poison
 x - 2 scrolls of blinking
Potions
 h - a potion of resistance
 n - a potion of cancellation {unknown}
 q - a potion of curing
 w - a potion of heal wounds {unknown}


   Skills:
 - Level 5.0 Fighting
 * Level 12.8 Ranged Weapons
 - Level 5.0 Dodging
 - Level 6.0 Stealth
 + Level 4.7 Necromancy


You had 6 spell levels left.
You knew the following spells:

 Your Spells              Type           Power      Damage    Failure   Level
a - Fugue of the Fallen   Necr           17%        N/A       10%         3

Your spell library contained the following spells:

 Spells                   Type           Power      Damage    Failure   Level
 Necrotise                Necr           68%        1d7       3%          1
 Apportation              Tloc           0%         N/A       22%         1
 Sting                    Conj/Alch      0%         1d3       22%         1
 Summon Small Mammal      Summ           0%         N/A       22%         1
 Scorch                   Fire           0%         2d5       32%         2
 Static Discharge         Conj/Air       0%         3-3/arc   32%         2
 Ozocubu's Armour         Ice            0%         N/A       54%         3
 Volatile Blastmotes      Fire/Tloc      0%         2d10      54%         3
 Arcjolt                  Conj/Air       0%         1d10      99%         5
 Freezing Cloud           Conj/Ice/Air   0%         6-21      99%         5
 Irradiate                Conj/Alch      0%         3d11      99%         5
 Summon Forest            Summ/Tloc      0%         N/A       99%         5
 Dispersal                Tloc           0%         N/A       100%        6
 Manifold Assault         Tloc           0%         N/A       100%        7


Dungeon Overview and Level Annotations

Branches:
Dungeon (8/15)             Temple (1/1) D:4            Lair (0/5) D:8

Altars:
Ashenzari
Cheibriados
Dithmenos
Elyvilon
Fedhas
Gozag
Hepliaklqana
Makhleb
Nemelex Xobeh
Okawaru
Ru
Sif Muna
Trog
Uskayaw
Vehumet
Wu Jian
Xom
Zin
The Shining One

Shops:
D:5 :   D:8 (


Innate Abilities, Weirdness & Mutations

You cannot wear most types of armour.
You are amphibious.
You can wear up to eight rings at the same time.
Your skin changes colour to match your surroundings (Stealth+).
Your rubbery body absorbs attacks. (AC +1, EV +1)
((You are camouflaged when in or above water. (Stealth+)))
You have tentacles for arms and can constrict up to eight enemies at once.


Message History

Fire: s) +3 arbalest (drain)
Press: ? - help, Shift-Dir - straight line, f/p - orc
Aim: an orc, wielding a +0 short sword (71% to hit)
You shoot a bolt.
The bolt closely misses the orc warrior.
The bolt hits the orc!!
You kill the orc!
The orc warrior is no longer distracted by gold.
Fire: s) +3 arbalest (drain)
Press: ? - help, Shift-Dir - straight line, f/p - orc
Aim: an orc, wielding a +0 short sword (71% to hit)
You shoot a bolt.
The bolt hits the orc warrior but does no damage.
The orc warrior is almost dead.
A steam dragon comes into view.
The orc warrior hits you with a +0 battleaxe!
Fire: s) +3 arbalest (drain)
Press: ? - help, Shift-Dir - straight line, f/p - orc
Aim: an orc, wielding a +0 short sword (71% to hit)
You shoot a bolt. The bolt barely misses the orc warrior.
The bolt closely misses the orc.
The orc is no longer distracted by gold.
The orc warrior closely misses you.
Fire: s) +3 arbalest (drain)
Press: ? - help, Shift-Dir - straight line, f/p - orc
Aim: an orc, wielding a +0 short sword (71% to hit)
You shoot a bolt. The bolt hits the orc warrior!!
You kill the orc warrior!
The steam dragon breathes steam at you. The ball of steam hits you!
* * * LOW HITPOINT WARNING * * *
Fire: s) +3 arbalest (drain)
Press: ? - help, Shift-Dir - straight line, f - steam dragon
Aim: a steam dragon (71% to hit)
You shoot a bolt. The bolt hits the steam dragon!
You drain the steam dragon.
The steam dragon is heavily wounded.
The steam dragon breathes steam at you. The ball of steam hits you!!
You die...
Your body crumbles into a pile of gold.

#.§$$# #..............# #§#
#............... #D#
#........##.....
############.#####........#.....#
.............§........###.......#
###########.#.§..##..##......#.##
#### #...§.####..#........##
...### ##...§..##..#..........
##)..# ###..@...........##...
###.## #.#............#..#. #..#
####...........#.... ##.#
##.)..#....##... #.##
#....####...#... #..#
###...####.....#. ##.#
####......##......#.
#.#####............#..#....#
#.......####...))...........


There were no monsters in sight!

Vanquished Creatures
  A two-headed ogre (D:8)
  A komodo dragon (D:8)
  A kobold demonologist (D:8)
  A troll (D:8)
  Prince Ribbit (D:5)
  A yak (D:8)
  2 steam dragons (D:8)
  An acid dragon (D:8)
  3 water moccasins
  3 orc warriors
  A black bear (D:7)
  2 sky beasts
  2 ice beasts
  2 ogres
  A centaur (D:6)
  A phantom (D:6)
  A kobold brigand (D:8)
  A bullfrog (D:7)
  A gnoll sergeant (D:7)
  4 scorpions
  6 wights (D:8)
  A howler monkey (D:6)
  A bombardier beetle (D:5)
  4 hounds
  4 jellies
  3 orc priests
  Jessica (D:2)
  Ijyb (D:3)
  An iguana (D:8)
  5 orc wizards
  7 gnolls
  8 adders
  A shadow imp (D:7)
  A white imp (D:5)
  5 dart slugs
  2 ribbon worms
  14 orcs
  7 ball pythons
  10 endoplasms
  4 giant cockroaches
  5 hobgoblins
  6 quokkas
  6 bats
  6 frilled lizards
  11 goblins
  9 kobolds
  8 rats
168 creatures vanquished.

Vanquished Creatures (others)
  A centaur (D:8)
1 creature vanquished.

Grand Total: 169 creatures vanquished

Notes
Turn   | Place    | Note
-------+----------+-------------------------------------------
     0 | D:1      | Bediveer the Octopode Hunter began the quest for the Orb.
     0 | D:1      | Reached XP level 1. HP: 14/14 MP: 1/1
    96 | D:1      | Reached XP level 2. HP: 19/19 MP: 2/2
   461 | D:1      | Reached XP level 3. HP: 18/25 MP: 3/3
  1030 | D:2      | Identified the ring "Sitelop" {Fly rC+ Str+4 Dex+6}
  1069 | D:2      | Reached skill level 5 in Ranged Weapons
  1153 | D:2      | Reached XP level 4. HP: 30/30 MP: 4/4
  1246 | D:2      | Noticed Jessica
  1247 | D:2      | Killed Jessica
  1657 | D:3      | Reached XP level 5. HP: 36/36 MP: 5/5
  1677 | D:3      | Found a white marble altar of Elyvilon.
  1922 | D:3      | Reached skill level 6 in Ranged Weapons
  2359 | D:3      | Found a glowing silver altar of Zin.
  2476 | D:3      | Found a shimmering altar of Xom.
  2635 | D:3      | Noticed Ijyb
  2674 | D:3      | Killed Ijyb
  2929 | D:3      | Found an ornate altar of the Wu Jian Council.
  2940 | D:3      | Found a hazy altar of Hepliaklqana.
  3089 | D:4      | Got the Directory of Singed Inhalation
  3100 | D:4      | Reached XP level 6. HP: 42/42 MP: 6/6
  3171 | D:4      | HP: 1/42 [something (3)]
  3177 | D:4      | Found a staircase to the Ecumenical Temple.
  3398 | Temple   | Entered the Ecumenical Temple
  3427 | Temple   | Became a worshipper of Gozag Ym Sagoz the Greedy
  3458 | D:4      | Reached skill level 7 in Ranged Weapons
  3497 | D:4      | Got the Directory of the Endless Realms
  3828 | D:4      | Reached XP level 7. HP: 31/46 MP: 7/7
  3959 | D:5      | Entered Level 5 of the Dungeon
  3962 | D:5      | Reached skill level 8 in Ranged Weapons
  4285 | D:5      | Noticed a +0 falchion
  4287 | D:5      | Noticed a +0 short sword
  4287 | D:5      | Noticed a +0 falchion
  4287 | D:5      | Noticed a +0 dagger
  4287 | D:5      | Noticed a +0 short sword
  4287 | D:5      | Noticed a +0 spear
  4288 | D:5      | Noticed a +0 dagger
  4289 | D:5      | Noticed a +0 spear
  4296 | D:5      | Found a hide-covered altar of Uskayaw.
  4455 | D:5      | Reached skill level 9 in Ranged Weapons
  4641 | D:5      | Found Soixemma's Self-Improvement Boutique.
  4649 | D:5      | Noticed Prince Ribbit
  4667 | D:5      | Killed Prince Ribbit
  4668 | D:5      | Reached XP level 8. HP: 37/52 MP: 8/8
  4963 | D:5      | HP: 4/81 [orc/+0 mace (3)]
  4968 | D:5      | HP: 4/81 [orc/+0 mace (2)]
  5430 | D:6      | Reached skill level 10 in Ranged Weapons
  5507 | D:6      | Identified the ring of Fragile Peace {rPois rCorr Int+6}
  6372 | D:7      | Reached XP level 9. HP: 54/59 MP: 9/9
  6409 | D:7      | Found a blossoming altar of Fedhas.
  6498 | D:7      | Reached skill level 5 in Fighting
  6734 | D:7      | Found a shadowy altar of Dithmenos.
  6954 | D:7      | Reached skill level 11 in Ranged Weapons
  6958 | D:7      | Learned a level 3 spell: Fugue of the Fallen
  7297 | D:8      | Bought a +3 arbalest of draining for 376 gold pieces
  7453 | D:8      | Reached skill level 1 in Necromancy
  7490 | D:8      | Noticed a komodo dragon
  7492 | D:8      | Killed a komodo dragon
  7493 | D:8      | Reached skill level 5 in Dodging
  7496 | D:8      | Found a staircase to the Lair.
  7555 | D:8      | Got Ekiem's Codex of Blasted Fermentation
  7602 | D:8      | Noticed a troll
  7602 | D:8      | Noticed a two-headed ogre
  7604 | D:8      | Killed a troll
  7605 | D:8      | Reached XP level 10. HP: 66/66 MP: 10/10
  7609 | D:8      | Killed a two-headed ogre
  7610 | D:8      | Reached skill level 12 in Ranged Weapons
  7610 | D:8      | Reached skill level 5 in Stealth
  7740 | D:8      | Noticed a kobold demonologist
  7752 | D:8      | Killed a kobold demonologist
  7764 | D:8      | Killed from afar by a steam dragon

Illustrated notes

Levels and vault maps discovered:
D:1:      minmay_arrival_semitransparent, layout_loops_corners,
          dk_noncrumbling_4
D:2:      layout_basic, serial_corexii_hall, corexii_hall_statues_x,
          chequers_hall_statues_wall_a, corexii_hall_statues_x,
          corexii_hall_statues_t, minmay_small_reverse_x, uniq_jessica
D:3:      kennysheep_the_goblin_king, layout_loops_ring,
          nicolae_overflow_quartered_altars, old_standard_altar,
          serial_bayou_crossing
D:4:      layout_loops_ring, minmay_temple_entry_butterflies,
          minmay_misc_feat_doors
D:5:      layout_basic, nicolae_uskayaw_en_pointe, nicolae_shop_self_help,
          uniq_prince_ribbit1
D:6:      layout_cave_pools, serial_co_window_serial, co_window_paths_a,
          co_window_paths_a, co_window_of_opportunity_a, co_window_paths_a,
          co_window_of_opportunity_a, co_window_unsneaky_path_c,
          co_window_unsneaky_path_c, co_window_2corner,
          co_window_unsneaky_path_a, co_window_corner_cb, co_window_broadway_a,
          glass_columns_a
D:7:      layout_basic, mainiacjoe_overflow_alcove_4,
          mainiacjoe_overflow_alcove_1
D:8:      layout_cave_pools, david_lair_shrubbed, minmay_the_grid_2x2
          [minmay_the_grid_rooms, minmay_the_grid_fan, minmay_the_grid_dragon_a,
          minmay_the_grid_prize_trominoes]
Temple:   grunt_temple_mini_profane

Skill      XL: |  1  2  3  4  5  6  7  8  9 10 |
---------------+-------------------------------+-----
Ranged Weapons | 5 6 7 9 10 11 12 | 12.8
Fighting       | 3 4 5 |  5.0
Dodging        | 4 5 |  5.0
Necromancy     | 3 4 |  4.7
Stealth        | 4 6 |  6.0

Action                     |  1- 3 |  4- 6 |  7- 9 | 10-12 || total
---------------------------+-------+-------+-------+-------++-------
  Melee: Unarmed           |       |    19 |       |       ||    19
   Fire: Shortbow          |    86 |   196 |   330 |       ||   612
         Arbalest          |       |       |    19 |    26 ||    45
 Invoke: Call Merchant     |       |       |     1 |       ||     1
    Use: Scroll            |     4 |     8 |     7 |       ||    19
         Potion            |       |     3 |     3 |     1 ||     7
 Armour: Skin              |     8 |    47 |    86 |     6 ||   147
  Dodge: Dodged            |     7 |    57 |   106 |     3 ||   173
  Block: Other             |     4 |    19 |    38 |     4 ||    65
         Reflection        |       |       |     1 |     2 ||     3

Table legend: (Time is in decaauts)
 A = Elapsed time spent in this place.
 B = Non-inter-level travel time spent in this place.
 C = Inter-level travel time spent in this place.
 D = Time resting spent in this place.
 E = Time spent auto-exploring this place.
 F = Levels seen in this place.
 G = Mean time per level.
                   A        B        C        D        E       F      G
               +--------+--------+--------+--------+--------+-----+--------+
         Total |   7749 |   7496 |    253 |    562 |   5807 |   9 |  861.0 |
       Dungeon |   7695 |   7494 |    201 |    562 |   5807 |   8 |  961.9 |
        Temple |     53 |      2 |     51 |      0 |      0 |   1 |   53.0 |
               +--------+--------+--------+--------+--------+-----+--------+

Top non-repeatable levels by time:
     D:3: 1342 daAuts
     D:5: 1295 daAuts
     D:7: 1076 daAuts
     D:2: 1034 daAuts
     D:1: 846 daAuts
     D:6: 828 daAuts
     D:4: 713 daAuts
     D:8: 558 daAuts
  Temple: 53 daAuts
